 Dungeon Crawl Stone Soup version 0.27.1-1-g398f81649c (webtiles) character file.

Game seed: 13360410338302283242

69 Descartes the Sneak (level 4, 0/21 HPs)
             Began as a Spriggan Enchanter on Sept 18, 2021.
             Slain by a ball python (3 damage)
             ... on level 3 of the Dungeon.
             The game lasted 00:06:08 (2354 turns).

Descartes the Sneak (Spriggan Enchanter)            Turns: 2354, Time: 00:06:09

Health: 0/21       AC:  2    Str:  5    XL:     4   Next: 2%
Magic:  0/9        EV: 14    Int: 16    God:
Gold:   67         SH:  0    Dex: 15    Spells: 8/9 levels left

rFire    . . .     SeeInvis +   a - +2 dagger (venom)
rCold    . . .     Faith    .   (shield restricted)
rNeg     . . .     Spirit   +   f - +0 robe
rPois    .         Reflect  .   (helmet restricted)
rElec    .         Harm     .   (no cloak)
rCorr    .         Rampage  .   (gloves unavailable)
Will     .....                  (boots unavailable)
Stlth    +++.......             c - amulet of guardian spirit
HPRegen  0.07/turn              (no ring)
MPRegen  0.11/turn              (no ring)

@: constricted, very quick
A: very small, no large weapons, unfitting armour, see invisible, speed 3
a: no special abilities


You were on level 3 of the Dungeon.
You visited 1 branch of the dungeon, and saw 3 of its levels.

You collected 67 gold pieces.

Inventory:

Hand Weapons
 a - a +2 dagger of venom (weapon)
 b - a +0 hunting sling
Missiles
 d - 70 stones
Armour
 f - a +0 robe (worn)
Jewellery
 c - an amulet of guardian spirit (around neck)
 g - a +6 ring of strength
Scrolls
 e - a scroll of vulnerability {unknown}
 h - 2 scrolls of identify {unknown}
 j - a scroll of brand weapon {unknown}
 k - a scroll of noise {unknown}
 l - 3 scrolls of blinking {unknown}
Potions
 i - a potion of curing {unknown}
 m - a potion of degeneration {unknown}
 n - a potion of heal wounds {unknown}


   Skills:
 + Level 2.0 Short Blades
 + Level 3.2 Dodging
 * Level 5.6 Stealth
 - Level 3.0 Spellcasting
 * Level 4.4 Hexes


You had 8 spell levels left.
You knew the following spells:

 Your Spells              Type           Power      Damage    Failure   Level
a - Corona                Hex            17%        N/A       3%          1

Your spell library contained the following spells:

 Spells                   Type           Power      Damage    Failure   Level
 Confusing Touch          Hex            16%        N/A       10%         3
 Tukima's Dance           Hex            16%        N/A       10%         3
 Ensorcelled Hibernation  Hex/Ice        18%        N/A       12%         2
 Dazzling Flash           Conj/Hex       18%        N/A       22%         3
 Silence                  Hex/Air        4%         N/A       91%         5
 Agony                    Necr           2%         N/A       99%         5


Dungeon Overview and Level Annotations

Branches:
Dungeon (3/15)

Altars:

Annotations:
D:3 Robin


Innate Abilities, Weirdness & Mutations

You are very small and have problems with some larger weapons.
You are too small for most types of armour.
You have supernaturally acute eyesight. (SInv)
You cover ground extremely quickly. (Speed+++)


Message History

You hit the jackal but do no damage.
The jackal looks even sicker.
The jackal misses you. The orc misses you. The ball python misses you.
The ball python grabs you. The ball python constricts you.
The jackal bites you but does no damage.
You closely miss the jackal. The jackal misses you.
The jackal completely misses you. The gnoll barely misses you.
The ball python closely misses you. The ball python constricts you.
The orc closely misses you.
You escape the ball python's grasp.
The jackal barely misses you. The jackal closely misses you.
You kill the gnoll!
Found a stone staircase leading down.
A goblin comes into view. It is wielding a +0 dagger.
A goblin comes into view. It is wielding a +1 dagger of speed.
The orc shouts!
The goblin shouts!
You hear a shout! x2
Robin of the Strong Arm comes into view.
They are wielding a +0 dagger.
You kill the jackal!
Your Short Blades skill increases to level 2!
The orc hits you with a +0 flail.
You hit the orc.
The orc is poisoned.
The orc is lightly wounded.
The orc hits you with a +0 flail. The jackal completely misses you.
You hit the orc.
The orc is severely wounded.
The orc hits you with a +0 flail.
* * * LOW HITPOINT WARNING * * *
The jackal bites you.
* * * LOW HITPOINT WARNING * * *
You barely miss the ball python.
You kill the orc!
The ball python bites you.
* * * LOW HITPOINT WARNING * * *
The ball python grabs you. The ball python constricts you.
A goblin comes into view. It is wielding a +0 club.
The jackal bites you but does no damage.
You have reached level 4!
The ball python's grasp on you weakens, but your attempt to escape fails.
The ball python bites you.
You die...

#####++++############# .#
.....................# .o#
≈≈≈≈≈....≈≈≈≈≈≈≈≈≈≈≈≈#####≈≈
≈≈≈≈≈....≈≈≈≈≈≈≈≈≈≈≈≈≈≈≈≈≈≈≈
≈≈≈≈≈....≈≈≈≈≈≈≈≈≈≈≈≈≈≈≈≈≈≈≈
..........)....?..........P
.......................g...
........#.##...S##†....##
########......#)@hh....##... #
#......########g.......#
.....##...#############+....
#.####............#≈...#.#.......
#........##.......#≈...#.........
##..........###...#≈...###.......
##................#≈...#..#......
..>...####.....)###≈≈≈≈#.......#.
#....##....###.##.'#####....#.#..


You could see 2 jackals, 2 goblins and a ball python.

Vanquished Creatures
  A gnoll (D:3)
  An adder (D:2)
  A dart slug (D:1)
  An orc (D:3)
  5 ball pythons
  4 bats (D:1)
  4 endoplasms
  A giant cockroach (D:1)
  5 goblins
  3 hobgoblins (D:1)
  5 jackals
  4 kobolds
  2 quokkas
  5 rats
42 creatures vanquished.

Notes
Turn   | Place    | Note
-------+----------+-------------------------------------------
     0 | D:1      | Descartes the Spriggan Enchanter began the quest for the
                  | Orb.
     0 | D:1      | Reached XP level 1. HP: 9/9 MP: 5/5
   223 | D:1      | Reached XP level 2. HP: 11/13 MP: 3/6
   489 | D:1      | Found a faded altar of an unknown god.
   754 | D:1      | Reached skill level 5 in Stealth
  1002 | D:1      | Reached XP level 3. HP: 16/16 MP: 8/8
  2346 | D:3      | Noticed Robin
  2354 | D:3      | Reached XP level 4. HP: 3/21 MP: 0/9
  2354 | D:3      | Slain by a ball python

Illustrated notes

Levels and vault maps discovered:
D:1:      dpeg_arrival_stone_temple_mockup, layout_basic,
          shapermc_ecumenical_altar_starsandcircs, minivault_11
D:2:      layout_loops_ring, minmay_misc_feat_secret_circle
D:3:      lemuel_castle_with_subvaults [lemuel_castle_interior_original],
          layout_rooms, serial_rivers, chequers_serial_rivers_marsh,
          chequers_serial_rivers_micro_d, chequers_serial_rivers_micro_b,
          chequers_serial_rivers_room_a, uniq_ijyb, uniq_robin

Skill      XL: |  1  2  3 |
---------------+----------+-----
Hexes          | 4 |  4.4
Stealth        | 5 |  5.6
Dodging        | 3 |  3.2
Spellcasting   | 3 |  3.0
Short Blades   | 2 |  2.0

Action                   |  1- 3 |  4- 6 || total
-------------------------+-------+-------++-------
Melee: Dagger            |   110 |       ||   110
 Fire: Hunting sling     |   112 |       ||   112
 Cast: Corona            |     2 |       ||     2
Armor: Robe              |    16 |       ||    16
Dodge: Dodged            |   141 |       ||   141
